 Dungeon Crawl Stone Soup version 0.28.0 (webtiles) character file.

Game seed: 12061342541893018771

1426 psuckher the Ruffian (level 8, -7/78 HPs)
             Began as a Troll Delver on Feb 16, 2022.
             Was an Initiate of Trog.
             Mangled by a two-headed ogre (19 damage)
             ... on level 6 of the Dungeon.
             The game lasted 00:10:35 (2375 turns).

psuckher the Ruffian (Troll Delver)                 Turns: 2375, Time: 00:10:36

Health: -7/78      AC:  4    Str: 23    XL:     8   Next: 44%
Magic:  0/7        EV: 10    Int:  6    God:    Trog [......]
Gold:   54         SH:  0    Dex: 11    Spells: 7/7 levels left

rFire   . . .      SeeInvis .     - Unarmed
rCold   . . .      Faith    .   (no shield)
rNeg    . . .      Spirit   +   a - +0 robe
rPois   .          Reflect  .   (helmet restricted)
rElec   .          Harm     .   (no cloak)
rCorr   .          Rampage  .   (gloves unavailable)
Will    .....                   (boots unavailable)
Stlth   ++........              i - amulet of guardian spirit
HPRegen 1.03/turn               (no ring)
MPRegen 0.10/turn               (no ring)

@: weak-willed
A: large, unfitting armour, claws 3, regeneration 1, shaggy fur 1, tough skin 1
a: Renounce Religion


You were on level 6 of the Dungeon.
You worshipped Trog.
Trog was noncommittal.
You visited 2 branches of the dungeon, and saw 3 of its levels.
You also visited: Ossuary.

You collected 54 gold pieces.

Inventory:

Armour
 a - a +0 robe (worn)
 g - a +0 cloak
 v - a +0 plate armour
Jewellery
 i - an amulet of guardian spirit (around neck)
 w - an amulet of the acrobat
Wands
 f - a wand of digging (3)
Scrolls
 b - a scroll of fog
 c - a scroll of magic mapping
 m - a scroll of vulnerability
 r - a scroll of enchant armour {unknown}
 x - a scroll of silence {unknown}
Potions
 e - a potion of haste
 j - a potion of cancellation {unknown}
 k - a potion of attraction {unknown}
 l - a potion of heal wounds {unknown}
 o - 2 potions of curing
 p - a potion of might {unknown}
 s - 2 potions of flight
 t - 2 potions of mutation {unknown}
 u - 2 potions of magic {unknown}


   Skills:
 + Level 3.8 Fighting
 + Level 3.4 Dodging
 + Level 4.1 Stealth
 + Level 7.8 Unarmed Combat


You had 7 spell levels left.
You didn't know any spells.
Your spell library was empty.

Dungeon Overview and Level Annotations

Branches:
Dungeon (6/15)             Temple (1/1) D:6         Ossuary (visited)

Altars:
Ashenzari
Fedhas
Gozag
Hepliaklqana
Kikubaaqudgha
Makhleb
Nemelex Xobeh
Okawaru
Qazlal
Ru
Trog
Uskayaw
Vehumet
Wu Jian
Yredelemnul


Innate Abilities, Weirdness & Mutations

You are too large for most types of armour.
You have claws for hands.
Your natural rate of healing is unusually fast.
You are covered in fur. (AC +1)
You have tough skin. (AC +1)


Message History

The yak looks frightened!
As you read the scroll labelled VOIDAWK MUQASU, it crumbles to dust.
It is a scroll of brand weapon.
You aren't carrying any weapons that can be branded.
As you read the scroll labelled CIWNOIQ KOKEN, it crumbles to dust.
Magic quickly surges around you.
It was a scroll of vulnerability.
As you read the scroll labelled QER FUIRUR, it crumbles to dust.
It is a scroll of identify.
o - 2 potions of curing
As you read the scroll of identify, it crumbles to dust.
s - 2 potions of flight
As you read the scroll labelled LOOPIKLACOY, it crumbles to dust.
The air around you briefly surges with heat, but it dissipates.
It was a scroll of immolation.
The two-headed ogre hits you with a +0 giant spiked club.
The two-headed ogre hits you with a +0 giant club!!
The two-headed ogre barely misses you. x2
You barely miss the two-headed ogre. The two-headed ogre closely misses you.
The two-headed ogre misses you.
You claw the two-headed ogre!
The two-headed ogre is moderately wounded.
The two-headed ogre hits you with a +0 giant spiked club!
The two-headed ogre hits you with a +0 giant club!
You claw the two-headed ogre!
The two-headed ogre is heavily wounded.
You claw the two-headed ogre!
The two-headed ogre is severely wounded.
The two-headed ogre misses you.
The two-headed ogre completely misses you.
You claw the two-headed ogre!
The two-headed ogre is almost dead.
The two-headed ogre hits you with a +0 giant spiked club!!
The two-headed ogre hits you with a +0 giant club!
* * * LOW HITPOINT WARNING * * *
You claw the two-headed ogre!
The two-headed ogre is almost dead.
You barely miss the two-headed ogre.
The two-headed ogre is almost dead.
The two-headed ogre hits you with a +0 giant spiked club!!
You die...

#.#########.## #
#............## #
#.#######.....# # #.#
#..<.## #
#.#######.#.#########
#..........##........
#.######..##...######
#.#####.#..##..#
#...@O...#.#...#
######....#.#..#
##....#..)#
####..#..# ##
#.#.#..# ##.#
##..#.#..# ##...#
#..##..#...
##.....##...##..###.
#..........##.##.# .


You could see a two-headed ogre.

Vanquished Creatures
  An ice beast (D:6)
  A black bear (D:6)
  2 ogres (D:6)
  5 elf zombies (Ossuary)
  A scorpion (D:6)
  2 water moccasin zombies (D:5)
  4 wights (D:6)
  A bullfrog zombie (D:5)
  4 centaur zombies
  A centaur skeleton (D:6)
  4 human zombies (Ossuary)
  An iguana (D:5)
  3 mummies (Ossuary)
  An adder (D:6)
  A shadow imp (D:6)
  A white imp (D:6)
  An ufetubus (D:6)
  3 orcs
37 creatures vanquished.

Notes
Turn   | Place    | Note
-------+----------+-------------------------------------------
     0 | D:5      | psuckher the Troll Delver began the quest for the Orb.
     0 | D:5      | Reached XP level 1. HP: 22/22 MP: 0/0
    22 | D:5      | Found a stormy altar of Qazlal.
   126 | D:5      | Noticed a water moccasin zombie
   141 | D:5      | Killed a water moccasin zombie
   142 | D:5      | Reached XP level 2. HP: 22/29 MP: 1/1
   142 | D:5      | Reached XP level 3. HP: 28/36 MP: 2/2
   173 | D:5      | Found a sand-covered staircase.
   188 | D:5      | Reached XP level 4. HP: 40/44 MP: 1/3
   305 | Ossuary  | Entered an ossuary
   357 | Ossuary  | Reached skill level 3 in Unarmed Combat
   357 | Ossuary  | Reached XP level 5. HP: 35/53 MP: 2/4
   371 | Ossuary  | Reached XP level 6. HP: 19/61 MP: 1/5
   463 | Ossuary  | Reached skill level 4 in Unarmed Combat
   520 | Ossuary  | Reached XP level 7. HP: 67/67 MP: 6/6
   533 | Ossuary  | Reached skill level 5 in Unarmed Combat
  1582 | D:6      | Reached skill level 6 in Unarmed Combat
  1850 | D:6      | Reached XP level 8. HP: 64/76 MP: 4/7
  1853 | D:6      | Reached skill level 7 in Unarmed Combat
  1923 | D:6      | Found a staircase to the Ecumenical Temple.
  1942 | Temple   | Entered the Ecumenical Temple
  2015 | Temple   | Became a worshipper of Trog the Wrathful
  2323 | D:6      | Noticed a two-headed ogre
  2375 | D:6      | Mangled by a two-headed ogre

Illustrated notes

Levels and vault maps discovered:
D:5:      layout_basic, mainiacjoe_overflow_24_doors,
          lightli_ossuary_entry_decrepit_ruins, serial_park_tiny_2
D:6:      layout_loops_corners, minmay_temple_entry_ruins,
          hangedman_abyss_or_decor_slice, minmay_manual_mail
Temple:   eino_temple_lava

Skill      XL: |  1  2  3  4  5  6  7  8 |
---------------+-------------------------+-----
Stealth        | 3 4 |  4.1
Fighting       | 3 |  3.8
Dodging        | 2 3 |  3.4
Unarmed Combat | 3 4 6 7 |  7.8

Action                   |  1- 3 |  4- 6 |  7- 9 || total
-------------------------+-------+-------+-------++-------
Melee: Unarmed           |    20 |   101 |   106 ||   227
       Punch             |     1 |     3 |     6 ||    10
  Use: Scroll            |       |       |     6 ||     6
 Stab: Sleeping          |       |       |     2 ||     2
Armor: Robe              |     4 |    22 |    14 ||    40
Dodge: Dodged            |     6 |    39 |    39 ||    84
